 Dungeon Crawl Stone Soup version 0.30-a0-424-g7412bad402 (webtiles) character file.

Game seed: 9061491439022053362

276 cforsyth the Chopper (level 6, 0/84 HPs)
             Began as a Minotaur Berserker on Dec 10, 2022.
             Was a Believer of Trog.
             Slain by a black bear (6 damage)
             ... on level 4 of the Dungeon.
             The game lasted 00:03:55 (2532 turns).

cforsyth the Chopper (Minotaur Berserker)           Turns: 2532, Time: 00:03:56

Health: 0/84       AC:  5    Str: 23    XL:     6   Next: 4%
Magic:  5/5        EV: 12    Int:  4    God:    Trog [**....]
Gold:   230        SH:  0    Dex: 10    Spells: 5/5 levels left

rFire   . . .      SeeInvis .    a - +0 hand axe
rCold   . . .      Faith    .    (no shield)
rNeg    . . .      Spirit   .    i - +0 ring mail
rPois   .          Reflect  .    (helmet restricted)
rElec   .          Harm     .    (no cloak)
rCorr   .          Rampage  .    (no gloves)
Will    .....                    (no boots)
Stlth   ..........               p - amulet of regeneration
HPRegen 1.14/turn                g - ring of flight
MPRegen 0.09/turn                (no ring)

@: berserking, flying, very quick
A: horns 2, retaliatory headbutt
a: Renounce Religion, Berserk, Trog's Hand


You were on level 4 of the Dungeon.
You worshipped Trog.
Trog was pleased with you.
You visited 1 branch of the dungeon, and saw 4 of its levels.

You collected 230 gold pieces.

Inventory:

Hand Weapons
 a - a +0 hand axe (weapon)
Armour
 i - a +0 ring mail (worn)
Jewellery
 g - a ring of flight (left hand)
 p - an amulet of regeneration (around neck)
Scrolls
 c - 2 scrolls of blinking {unknown}
 e - 2 scrolls of enchant armour {unknown}
 f - a scroll of butterflies {unknown}
 h - a scroll of fear {unknown}
 j - a scroll of vulnerability {unknown}
 k - 2 scrolls of teleportation {unknown}
 m - a scroll of torment {unknown}
Potions
 b - 2 potions of might {unknown}
 d - a potion of curing
 l - a potion of haste
 o - 2 potions of degeneration {unknown}


   Skills:
 + Level 5.1 Fighting
 + Level 5.1 Axes
 + Level 4.2 Armour
 + Level 3.9 Dodging


You had 5 spell levels left.
You didn't know any spells.
Your spell library was empty.

Dungeon Overview and Level Annotations

Branches:
Dungeon (4/15)
 Temple: D:4-7

Altars:

Shops:
D:2 *


Innate Abilities, Weirdness & Mutations

You have a pair of horns on your head.
You reflexively headbutt those who attack you in melee.


Message History

The black bear closely misses you. The black bear claws you. x2
The black bear bites you. The black bear barely misses you.
The black bear closely misses you.
You are too injured to fight recklessly!
You are too injured to fight recklessly!
You are too injured to fight recklessly!
You are too injured to fight recklessly!
A black bear is nearby!
You are too injured to fight recklessly!
You closely miss the black bear.
The black bear is almost dead.
The black bear bites you but does no damage.
The black bear claws you. x2; The black bear barely misses you.
The black bear closely misses you. x2
You hit the black bear. Your headbutt misses the black bear.
The black bear is almost dead.
The black bear bites you. The black bear barely misses you.
The black bear completely misses you.
You barely miss the black bear.
The black bear is almost dead.
The black bear bites you.
The black bear claws you but does no damage.
The black bear claws you.
* * * LOW HITPOINT WARNING * * *
The black bear bites you.
* * * LOW HITPOINT WARNING * * *
The black bear claws you but does no damage. x2
A red film seems to cover your vision as you go berserk!
You feel yourself moving faster!
You feel mighty! The black bear barely misses you. The black bear misses you.
The black bear claws you.
* * * LOW HITPOINT WARNING * * *
You hit the black bear.
The black bear is almost dead.
The black bear bites you!
* * * LOW HITPOINT WARNING * * *
The black bear claws you.
* * * LOW HITPOINT WARNING * * *
The black bear claws you.
You die...

#......# #.#.#
#......# #.#.#
###......####.#.#
..........>##.#.#
##......#.##.#.#
#......#.# #.#
#......#.# #.#
#......#.#
#.########
###......#..
#.@h.(....
.........#.#
##########
.....##..#.####
.....##........
.....##†##.####
........# .#
.....##.# #
.......##
.....#.###.#


You could see a black bear (berserk).

Vanquished Creatures
  A centaur (D:3)
  Jessica (D:3)
  2 iguanas
  6 adders
  An ufetubus (D:4)
  A dart slug (D:1)
  8 orcs
  5 ball pythons
  5 bats
  4 endoplasms
  A giant cockroach (D:3)
  2 hobgoblins (D:1)
  4 quokkas
  3 frilled lizards (D:1)
  9 goblins
  A kobold (D:4)
  4 rats
58 creatures vanquished.

Notes
Turn   | Place    | Note
-------+----------+-------------------------------------------
     0 | D:1      | cforsyth the Minotaur Berserker began the quest for the
                  | Orb.
     0 | D:1      | Reached XP level 1. HP: 19/19 MP: 0/0
   193 | D:1      | Reached XP level 2. HP: 27/27 MP: 1/1
   881 | D:2      | Reached XP level 3. HP: 26/33 MP: 2/2
   976 | D:2      | Found Ylaud's General Store.
  1179 | D:3      | Noticed a centaur
  1183 | D:3      | Killed a centaur
  1184 | D:3      | Reached XP level 4. HP: 38/41 MP: 3/3
  1230 | D:3      | Noticed Jessica
  1236 | D:3      | Killed Jessica
  1237 | D:3      | Reached XP level 5. HP: 31/47 MP: 4/4
  1344 | D:3      | Reached ** piety under Trog
  1560 | D:3      | Reached skill level 5 in Axes
  1724 | D:3      | Reached skill level 5 in Fighting
  2451 | D:4      | Reached XP level 6. HP: 54/56 MP: 5/5
  2532 | D:4      | Slain by a black bear

Illustrated notes

Levels and vault maps discovered:
D:1:      reono_arrival_mine, layout_loops_ring, grunt_decor_fettered,
          hex_medium, st_stairs_10
D:2:      layout_basic, serial_shops, shop, kennysheep_generic_room_4
D:3:      layout_basic, uniq_jessica
D:4:      layout_basic

Skill      XL: |  1  2  3  4  5 |
---------------+----------------+-----
Axes           | 4 5 |  5.1
Fighting       | 4 5 |  5.1
Armour         | 3 4 |  4.2
Dodging        | 3 |  3.9

Action                   |  1- 3 |  4- 6 || total
-------------------------+-------+-------++-------
Melee: Hand axe          |    48 |    73 ||   121
       Headbutt          |     3 |    18 ||    21
       Punch             |     1 |       ||     1
Invok: Berserk           |       |     3 ||     3
  Use: Scroll            |       |     3 ||     3
Armor: Animal skin       |    11 |     8 ||    19
       Ring mail         |       |    18 ||    18
Dodge: Dodged            |    52 |    57 ||   109

Table legend: (Time is in decaauts)
 A = Elapsed time spent in this place.
 B = Non-inter-level travel time spent in this place.
 C = Inter-level travel time spent in this place.
 D = Time resting spent in this place.
 E = Time spent auto-exploring this place.
 F = Levels seen in this place.
 G = Mean time per level.
                   A        B        C        D        E       F      G
               +--------+--------+--------+--------+--------+-----+--------+
         Total |   2557 |   2477 |     80 |    294 |   1820 |   4 |  639.2 |
       Dungeon |   2557 |   2477 |     80 |    294 |   1820 |   4 |  639.2 |
               +--------+--------+--------+--------+--------+-----+--------+

Top non-repeatable levels by time:
     D:3: 952 daAuts
     D:1: 679 daAuts
     D:2: 503 daAuts
     D:4: 421 daAuts
